 Dungeon Crawl Stone Soup version 0.31-a0-182-gc5ef74bbde (webtiles) character file.

Game seed: 13589437930184877441

370 lunkers the Basher (level 7, -11/57 HPs)
             Began as a Meteoran Fighter on June 21, 2023.
             Mangled by an ogre
             ... wielding a +0 giant club
              (15 damage)
             ... on level 4 of the Dungeon.
             The game lasted 00:02:44 (1211 turns).

lunkers the Basher (Meteoran Fighter)               Turns: 1211, Time: 00:02:44

Health: -11/57     AC: 13    Str: 20    XL:     7   Next: 22%
Magic:  8/8        EV:  7    Int: 10    God:
Gold:   107        SH:  5    Dex: 13    Spells: 6/6 levels left

rFire   . . .        a - +0 flail
rCold   . . .        c - +0 buckler
rNeg    . . .        d - +0 chain mail
rPois   .            (no helmet)
rElec   .            (no cloak)
rCorr   .            (no gloves)
SInv    .            (no boots)
Will    .....        (no amulet) Stlth
                     l - +4 ring of protection
HPRegen 0.29/turn    (no ring)
MPRegen 0.11/turn

%: no passive effects
@: glowing
A: sense surroundings 1, otherworldly, glowing, explore regen
a: no special abilities


You were on level 4 of the Dungeon.
You visited 1 branch of the dungeon, and saw 4 of its levels.

You collected 107 gold pieces.

Inventory:

Hand Weapons
 a - a +0 flail (weapon)
Armour
 b - a +0 scale mail
 c - a +0 buckler (worn)
 d - a +0 chain mail (worn)
Jewellery
 l - a +4 ring of protection (left hand)
Scrolls
 f - a scroll of fear {unknown}
 h - a scroll of noise {unknown}
 i - 3 scrolls of identify {unknown}
 m - 3 scrolls of vulnerability {unknown}
 o - a scroll of blinking {unknown}
 p - 2 scrolls of poison {unknown}
 q - a scroll of fog {unknown}
 s - a scroll of amnesia {unknown}
Potions
 e - 2 potions of curing {unknown}
 g - 2 potions of degeneration {unknown}
 j - a potion of ambrosia {unknown}
 k - 2 potions of attraction {unknown}
 n - a potion of brilliance {unknown}
 r - a potion of invisibility {unknown}


   Skills:
 - Level 3.2 Fighting
 + Level 9.1 Maces & Flails
 - Level 3.6 Armour
 - Level 3.6 Shields


You had 6 spell levels left.
You didn't know any spells.
Your spell library was empty.

Dungeon Overview and Level Annotations

Branches:
Dungeon (4/15) Zot: 1155
 Temple: D:4-7

Altars:

Shops:
D:1 *


Innate Abilities, Weirdness & Mutations

You passively map a small area around you.
You are easily found by Zot.
You glow in the dark.
You regain HP and MP as you explore.


Message History

A magic dart appears from out of thin air!
The magic dart hits you but does no damage.
You barely miss something. Something hits you but does no damage.
Unknown command.
You closely miss something. Something hits you but does no damage.
Unknown command.
You miss something. Something hits you but does no damage.
You sock something! Something hits you but does no damage.
You barely miss something. Something hits you but does no damage.
You barely miss something. Something hits you but does no damage.
You miss something. You block something's attack.
The orc priest invokes the aid of Beogh against you.
Beogh smites you!
* * * LOW HITPOINT WARNING * * *
Something hits you.
* * * LOW HITPOINT WARNING * * *
You hit something. Something hits you but does no damage.
You sock something!
Reactivating autopickup.
You feel a bit more experienced.
The orc priest looks braver for a moment.
Things that are here:
a +0 dagger; a +0 robe You thump the orc priest!
The orc priest is severely wounded.
The orc priest calls down the wrath of Beogh upon you.
Beogh smites you!
* * * LOW HITPOINT WARNING * * *
You sock the orc priest!
You kill the orc priest!
Your Maces & Flails skill increases to level 9!
You hit the ogre.
The ogre is moderately wounded.
An orc priest comes into view. It is wielding a +0 flail.
The ogre hits you with a +0 giant club!
* * * LOW HITPOINT WARNING * * *
You sock the ogre!
The ogre is heavily wounded.
The ogre hits you with a +0 giant club!
You die...

* * * *#....)..###.# * *
#####............ , ,
..........#...### * *
###.#.#<......... * * ,
**...#......#..### ,
,,............... ,,
..#...###...#####
####.#####<##.....>.....
.....oO@).....##...#####
####.#####.#..#......# #
, * ...#..#....#. # **
*#####..#....# # * , ,
#.....###.# # * *
#.###...... # ,, *
#.....#####*# ~ * * ,
#.##...## # , ,
#..).#.########


You could see an ogre and an orc priest.

Vanquished Creatures
  A phantom (D:4)
  A scorpion (D:3)
  An orc priest (D:4)
  Terence (D:2)
  An orc wizard (D:4)
  Natasha (twice) (D:3)
  3 adders
  A worm (D:2)
  A dart slug (D:3)
  4 orcs
  4 bats
  4 endoplasms
  3 giant cockroaches
  9 goblins
  6 hobgoblins
  2 jackals (D:3)
  5 quokkas
  5 ball pythons
  4 frilled lizards (D:2)
  5 kobolds
  8 rats
71 creatures vanquished.

Notes
Turn   | Place    | Note
-------+----------+-------------------------------------------
     0 | D:1      | lunkers the Meteoran Fighter began the quest for the Orb.
     0 | D:1      | Reached XP level 1. HP: 19/19 MP: 2/2
    34 | D:1      | Found Wiekhoca's General Store.
    42 | D:1      | Reached skill level 3 in Maces & Flails
    79 | D:1      | Reached XP level 2. HP: 26/26 MP: 3/3
   234 | D:1      | Reached skill level 4 in Maces & Flails
   279 | D:1      | Reached XP level 3. HP: 31/31 MP: 4/4
   524 | D:2      | Reached skill level 5 in Maces & Flails
   546 | D:2      | Noticed Terence
   552 | D:2      | Killed Terence
   553 | D:2      | Reached XP level 4. HP: 29/38 MP: 5/5
   626 | D:2      | Reached skill level 6 in Maces & Flails
   714 | D:2      | Reached XP level 5. HP: 45/45 MP: 6/6
   842 | D:3      | Noticed Natasha
   855 | D:3      | Killed Natasha
  1026 | D:3      | Reached skill level 7 in Maces & Flails
  1037 | D:3      | Noticed Natasha
  1045 | D:3      | Killed Natasha
  1046 | D:3      | Reached XP level 6. HP: 51/51 MP: 7/7
  1072 | D:3      | Reached skill level 8 in Maces & Flails
  1142 | D:4      | Reached XP level 7. HP: 56/57 MP: 8/8
  1210 | D:4      | Reached skill level 9 in Maces & Flails
  1211 | D:4      | Mangled by an ogre

Illustrated notes

Levels and vault maps discovered:
D:1:      dpeg_arrival_short_road, layout_basic, serial_shops,
          nicolae_shop_tiny_glass
D:2:      layout_loops_ring, uniq_terence
D:3:      layout_basic, cheibrodos_sewer_entry_bend, grunt_ministairs_12,
          minmay_misc_feat_square, minmay_circle_x, uniq_natasha
D:4:      layout_basic, marbit_many_paths, nicolae_overflow_hidden_temple,
          serial_shops, nicolae_shop_tiny_statue_garden, kennysheep_diamond,
          minmay_misc_feat_roman

Skill      XL: |  1  2  3  4  5  6  7 |
---------------+----------------------+-----
Maces & Flails | 3 4 5 6 7 8 9 |  9.1
Fighting       | |  3.2
Armour         | |  3.6
Shields        | |  3.6

Action                     |  1- 3 |  4- 6 |  7- 9 || total
---------------------------+-------+-------+-------++-------
  Melee: Flail             |    96 |   103 |    25 ||   224
    Use: Potion            |     1 |       |       ||     1
 Armour: Scale mail        |    58 |     3 |       ||    61
         Chain mail        |       |    67 |    15 ||    82
  Dodge: Dodged            |    39 |    33 |     2 ||    74
  Block: Buckler           |    22 |    31 |     1 ||    54

Table legend: (Time is in decaauts)
 A = Elapsed time spent in this place.
 B = Non-inter-level travel time spent in this place.
 C = Inter-level travel time spent in this place.
 D = Time resting spent in this place.
 E = Time spent auto-exploring this place.
 F = Levels seen in this place.
 G = Mean time per level.
                   A        B        C        D        E       F      G
               +--------+--------+--------+--------+--------+-----+--------+
         Total |   1243 |   1123 |    120 |      0 |    652 |   4 |  310.8 |
       Dungeon |   1243 |   1123 |    120 |      0 |    652 |   4 |  310.8 |
               +--------+--------+--------+--------+--------+-----+--------+

Top non-repeatable levels by time:
     D:1: 496 daAuts
     D:3: 344 daAuts
     D:2: 291 daAuts
     D:4: 109 daAuts
